PBL
OAKLAND OAKS @ MADISON BREWERS
08/11/2047
 
TOP OF THE 1ST
Oakland Oaks batting - Pitching for Madison Brewers : RHP Heraclio Sosa
Pitching: RHP Heraclio Sosa
Batting: RHB Chris Prinzing 0-0: Foul Ball, location: 2F
0-1: Called Strike
0-2: Strikes out swinging
Batting: RHB Rafael Alarcon 0-0: Ground out 5-3 (Groundball, 56S, EV 81.9 MPH)
Batting: RHB Pete Goerge 0-0: Ground out 1-3 (Groundball, 25, EV 67.5 MPH)
Top of the 1st over - 0 runs, 0 hits, 0 errors, 0 left on base; Oakland 0 - Madison 0
BOTTOM OF THE 1ST
Madison Brewers batting - Pitching for Oakland Oaks : RHP Felix Carranza
Pitching: RHP Felix Carranza
Batting: LHB Andy Buschlen 0-0: Foul Ball, location: 2F
0-1: Ground out 3-1 (Groundball, 34, EV 79.4 MPH)
Batting: RHB Manny Olave 0-0: Ball
1-0: Called Strike
1-1: Ground out 1-3 (Groundball, 13S, EV 73.8 MPH)
Batting: LHB Bill Kovac 0-0: Called Strike
0-1: Foul Ball, location: 2F
0-2: Ball
1-2: Strikes out looking
Bottom of the 1st over - 0 runs, 0 hits, 0 errors, 0 left on base; Oakland 0 - Madison 0
TOP OF THE 2ND
Oakland Oaks batting - Pitching for Madison Brewers : RHP Heraclio Sosa
Batting: RHB Gabe Secundino 0-0: Called Strike
0-1: Foul Ball, location: 2F
0-2: Ball
1-2: Strikes out swinging
Batting: LHB Brian Puccio 0-0: Foul Ball, location: 2F
0-1: Ground out U3 (Groundball, 3, EV 95.0 MPH)
Batting: RHB Amare Brown 0-0: Ball
1-0: Called Strike
1-1: Ball
2-1: Swinging Strike
2-2: Foul Ball, location: 2F
2-2: Foul Ball, location: 2F
2-2: Strikes out swinging
Top of the 2nd over - 0 runs, 0 hits, 0 errors, 0 left on base; Oakland 0 - Madison 0
BOTTOM OF THE 2ND
Madison Brewers batting - Pitching for Oakland Oaks : RHP Felix Carranza
Batting: LHB Fumito Sakurai 0-0: Ball
1-0: Called Strike
1-1: Ball
2-1: Foul Ball, location: 2F
2-2: Ball
3-2: Foul Ball, location: 2F
3-2: SINGLE (Groundball, 34D, EV 103.1 MPH)
Batting: LHB Tony Hasbun 0-0: Reached on error, E2 (Groundball, 2L, EV 68.1 MPH)
Fumito Sakurai to third
Batting: RHB Frank Pena 0-0: Called Strike
0-1: Called Strike
0-2: Ball
1-2: Strikes out looking
Batting: RHB Xiao-shuang Au 0-0: Called Strike
0-1: Ball
1-1: Fly out, F4 (Popup, 4D, EV 43.1 MPH)
Batting: RHB Fernando Mejia 0-0: Ball
1-0: Ball
2-0: Foul Ball, location: 2F
2-1: Foul Ball, location: 2F
2-2: Ball
3-2: Strikes out looking
Bottom of the 2nd over - 0 runs, 1 hit, 1 error, 2 left on base; Oakland 0 - Madison 0
TOP OF THE 3RD
Oakland Oaks batting - Pitching for Madison Brewers : RHP Heraclio Sosa
Batting: LHB Bill Helmer 0-0: Called Strike
0-1: Bunted foul
0-2: Ball
1-2: Foul Ball, location: 2F
1-2: Foul Ball, location: 2F
1-2: SINGLE (Flyball, 8RS, EV 93.8 MPH)
Batting: RHB Edwin Nunez 0-0: Called Strike
0-1: SINGLE (Line Drive, 89S, EV 95.0 MPH)
Bill Helmer to second
Runner from 2nd tries for 3rd, SAFE, throw by CF made to third
Batting: RHB Dave Villarreal 0-0: Reached on error, E6 (Groundball, 6, EV 86.9 MPH)
Bill Helmer scores
Edwin Nunez to second
Batting: RHB Chris Prinzing 0-0: Ball
1-0: Swinging Strike
1-1: Ball
2-1: Called Strike
2-2: Foul Ball, location: 2F
2-2: Foul Ball, location: 2F
2-2: Strikes out swinging
Batting: RHB Rafael Alarcon 0-0: SINGLE (Line Drive, 78M, EV 86.2 MPH)
Edwin Nunez to third
Dave Villarreal to second
Batting: RHB Pete Goerge 0-0: Swinging Strike
0-1: Swinging Strike
0-2: Fly out, F8 (Flyball, 8RS, EV 95.6 MPH)
Batting: RHB Gabe Secundino 0-0: Called Strike
0-1: Ball
1-1: Called Strike
1-2: Fly out, F9 (Flyball, 9, EV 75.0 MPH)
Top of the 3rd over - 1 run, 3 hits, 1 error, 3 left on base; Oakland 1 - Madison 0
BOTTOM OF THE 3RD
Madison Brewers batting - Pitching for Oakland Oaks : RHP Felix Carranza
Batting: RHB Malcolm McCauley 0-0: Reached on error, E6 (Groundball, 6, EV 98.8 MPH)
Batting: LHB Andy Buschlen 0-0: Ball
1-0: SINGLE (Groundball, 34D, EV 101.9 MPH)
Malcolm McCauley to second
Throwing error, E9
Malcolm McCauley scores
Andy Buschlen to second
Batting: RHB Manny Olave 0-0: Ball
1-0: Called Strike
1-1: Called Strike
1-2: Ball
2-2: Ball
3-2: Foul Ball, location: 2F
3-2: SINGLE (Groundball, 4D, EV 101.2 MPH)
Andy Buschlen to third
Runner from 3rd tries for Home, SAFE, throw by CF to home
Batting: LHB Bill Kovac 0-0: Ball
1-0: Grounds into double play, 6-4-3 (Groundball, 6, EV 101.2 MPH)
Batting: LHB Fumito Sakurai 0-0: Called Strike
0-1: Swinging Strike
0-2: Strikes out looking
Bottom of the 3rd over - 2 runs, 2 hits, 2 errors, 0 left on base; Oakland 1 - Madison 2
TOP OF THE 4TH
Oakland Oaks batting - Pitching for Madison Brewers : RHP Heraclio Sosa
Batting: LHB Brian Puccio 0-0: Ball
1-0: Called Strike
1-1: Swinging Strike
1-2: Strikes out swinging
Batting: RHB Amare Brown 0-0: Ball
1-0: Called Strike
1-1: Ball
2-1: Called Strike
2-2: Ball
3-2: Foul Ball, location: 2F
3-2: Foul Ball, location: 2F
3-2: Strikes out swinging
Batting: LHB Bill Helmer 0-0: Called Strike
0-1: Called Strike
0-2: Ground out 4-3 (Groundball, 4D, EV 81.9 MPH)
Top of the 4th over - 0 runs, 0 hits, 0 errors, 0 left on base; Oakland 1 - Madison 2
BOTTOM OF THE 4TH
Madison Brewers batting - Pitching for Oakland Oaks : RHP Felix Carranza
Batting: LHB Tony Hasbun 0-0: Called Strike
0-1: Called Strike
0-2: Ball
1-2: Strikes out looking
Batting: RHB Frank Pena 0-0: Ball
1-0: SINGLE (Groundball, 56S, EV 69.4 MPH) (infield hit)
Batting: RHB Xiao-shuang Au 0-0: Called Strike
0-1: Ball
1-1: Ball
2-1: Fly out, F7 (Flyball, 7LM, EV 92.5 MPH)
Batting: RHB Fernando Mejia 0-0: Ball
1-0: Ball
2-0: Called Strike
2-1: Foul Ball, location: 2F
2-2: Strikes out swinging
Bottom of the 4th over - 0 runs, 1 hit, 0 errors, 1 left on base; Oakland 1 - Madison 2
TOP OF THE 5TH
Oakland Oaks batting - Pitching for Madison Brewers : RHP Heraclio Sosa
Batting: RHB Edwin Nunez 0-0: Called Strike
0-1: Ball
1-1: Foul Ball, location: 2F
1-2: Ball
2-2: Strikes out swinging
Batting: RHB Dave Villarreal 0-0: Ground out U3 (Groundball, 34S, EV 88.1 MPH)
Batting: RHB Chris Prinzing 0-0: Swinging Strike
0-1: Called Strike
0-2: Ball
1-2: Ball
2-2: Strikes out swinging
Top of the 5th over - 0 runs, 0 hits, 0 errors, 0 left on base; Oakland 1 - Madison 2
BOTTOM OF THE 5TH
Madison Brewers batting - Pitching for Oakland Oaks : RHP Felix Carranza
Batting: RHB Malcolm McCauley 0-0: Called Strike
0-1: Swinging Strike
0-2: Strikes out swinging
Batting: LHB Andy Buschlen 0-0: Called Strike
0-1: Ball
1-1: Ground out U3 (Groundball, 3, EV 90.0 MPH)
Batting: RHB Manny Olave 0-0: Called Strike
0-1: Ball
1-1: Ground out 6-3 (Groundball, 6MS, EV 94.4 MPH)
Bottom of the 5th over - 0 runs, 0 hits, 0 errors, 0 left on base; Oakland 1 - Madison 2
TOP OF THE 6TH
Oakland Oaks batting - Pitching for Madison Brewers : RHP Heraclio Sosa
Batting: RHB Rafael Alarcon 0-0: Ball
1-0: Ball
2-0: Ball
3-0: Called Strike
3-1: Base on Balls
Batting: RHB Pete Goerge 0-0: Called Strike
0-1: SINGLE (Groundball, 4MD, EV 101.2 MPH) (infield hit)
Rafael Alarcon to second
Pitching: LHP Sam Glaser
Batting: RHB Gabe Secundino 0-0: Ball
1-0: Ball
2-0: Grounds into double play, 5-4-3 (Groundball, 56, EV 106.2 MPH)
Rafael Alarcon to third
Batting: LHB Brian Puccio 0-0: Ball
1-0: Swinging Strike
1-1: Ball
2-1: Called Strike
2-2: Foul Ball, location: 2F
2-2: Foul Ball, location: 2F
2-2: Strikes out swinging
Top of the 6th over - 0 runs, 1 hit, 0 errors, 1 left on base; Oakland 1 - Madison 2
BOTTOM OF THE 6TH
Madison Brewers batting - Pitching for Oakland Oaks : RHP Felix Carranza
Batting: LHB Bill Kovac 0-0: Ball
1-0: Foul Ball, location: 2F
1-1: Ball
2-1: Fly out, F7 (Flyball, 78M, EV 83.8 MPH)
Batting: LHB Fumito Sakurai 0-0: Foul Ball, location: 2F
0-1: Foul Ball, location: 2F
0-2: Ball
1-2: Strikes out swinging
Batting: LHB Tony Hasbun 0-0: Called Strike
0-1: Called Strike
0-2: Fly out, F8 (Line Drive, 8LD, EV 86.2 MPH)
Bottom of the 6th over - 0 runs, 0 hits, 0 errors, 0 left on base; Oakland 1 - Madison 2
TOP OF THE 7TH
Oakland Oaks batting - Pitching for Madison Brewers : LHP Sam Glaser
Batting: RHB Amare Brown 0-0: Called Strike
0-1: Foul Ball, location: 2F
0-2: Ball
1-2: Strikes out looking
Batting: LHB Bill Helmer 0-0: Foul Ball, location: 2F
0-1: Swinging Strike
0-2: Foul Ball, location: 2F
0-2: Ball
1-2: Ball
2-2: Fly out, F7 (Flyball, 78D, EV 93.1 MPH)
Batting: RHB Edwin Nunez 0-0: Swinging Strike
0-1: Swinging Strike
0-2: Ball
1-2: Ball
2-2: Strikes out swinging
Top of the 7th over - 0 runs, 0 hits, 0 errors, 0 left on base; Oakland 1 - Madison 2
BOTTOM OF THE 7TH
Madison Brewers batting - Pitching for Oakland Oaks : RHP Felix Carranza
Pitching: RHP Matt Schmidt
Batting: RHB Frank Pena 0-0: Ball
1-0: Foul Ball, location: 2F
1-1: Called Strike
1-2: Ball
2-2: Foul Ball, location: 2F
2-2: Foul Ball, location: 2F
2-2: Foul Ball, location: 2F
2-2: Ball
3-2: Foul Ball, location: 2F
3-2: Base on Balls
Batting: RHB Xiao-shuang Au 0-0: Called Strike
0-1: Ball
1-1: Ball
2-1: Foul Ball, location: 2F
2-2: Strikes out swinging
Pinch Hitting: RHB Tristan Smeets 0-0: Ball
1-0: Ball
2-0: Called Strike
2-1: Called Strike
2-2: Ball
3-2: Base on Balls
Frank Pena to second
Batting: RHB Malcolm McCauley 0-0: Ball
1-0: Foul Ball, location: 2F
1-1: Swinging Strike
1-2: Strikes out swinging
Pitching: LHP Josh Bologna
Batting: LHB Andy Buschlen 0-0: Ball
1-0: Ball
2-0: Foul Ball, location: 2F
2-1: Ball
3-1: Foul Ball, location: 2F
3-2: Fly out, F5 (Popup, 5F, EV 66.9 MPH)
Bottom of the 7th over - 0 runs, 0 hits, 0 errors, 2 left on base; Oakland 1 - Madison 2
TOP OF THE 8TH
Oakland Oaks batting - Pitching for Madison Brewers : LHP Sam Glaser
Now at SS: Lorenzo Diaz
Batting: RHB Dave Villarreal 0-0: Swinging Strike
0-1: Ball
1-1: SINGLE (Groundball, 56D, EV 106.2 MPH)
Batting: RHB Chris Prinzing 0-0: Called Strike
0-1: Bunt missed!
0-2: Ball
1-2: Ball
2-2: Foul Ball, location: 2F
2-2: Foul Ball, location: 2F
2-2: Ball
3-2: Base on Balls
Dave Villarreal to second
Batting: RHB Rafael Alarcon 0-0: Called Strike
0-1: Fly out, F8 (Flyball, 8LXD, EV 102.5 MPH)
Runner from 2nd tags up, SAFE at 3rd, no throw by CF
Batting: RHB Pete Goerge 0-0: Ball
Chris Prinzing is caught stealing 2nd base 2-4
1-0: Fly out, F7 (Flyball, 7S, EV 83.8 MPH)
Top of the 8th over - 0 runs, 1 hit, 0 errors, 1 left on base; Oakland 1 - Madison 2
BOTTOM OF THE 8TH
Madison Brewers batting - Pitching for Oakland Oaks : LHP Josh Bologna
Pitching: RHP Joey Patrick
Batting: RHB Manny Olave 0-0: Fly out, F7 (Flyball, 7LS, EV 94.4 MPH)
Batting: LHB Bill Kovac 0-0: Called Strike
0-1: Ball
1-1: Ball
2-1: SINGLE (Line Drive, 8LS, EV 108.1 MPH)
Batting: LHB Fumito Sakurai 0-0: Ball
1-0: Foul Ball, location: 2F
1-1: Fielders Choice at 2nd, 5-4 (Groundball, 5, EV 101.9 MPH)
Batting: LHB Tony Hasbun 0-0: Ball
1-0: Called Strike
Fumito Sakurai is caught stealing 2nd base 2-6
Bottom of the 8th over - 0 runs, 1 hit, 0 errors, 0 left on base; Oakland 1 - Madison 2
TOP OF THE 9TH
Oakland Oaks batting - Pitching for Madison Brewers : LHP Sam Glaser
Pitching: RHP Adam Robinson
Now in LF: Sammar Wambugu
Batting: RHB Gabe Secundino 0-0: Ball
1-0: Ball
2-0: Ball
3-0: Called Strike
3-1: Swinging Strike
3-2: Ground out 6-3 (Groundball, 56, EV 107.5 MPH)
Batting: LHB Brian Puccio 0-0: Ball
1-0: Ball
2-0: Ball
3-0: Base on Balls
Batting: RHB Amare Brown 0-0: Swinging Strike
0-1: Ball
1-1: Ball
Brian Puccio steals 2nd base
2-1: Foul Ball, location: 2F
2-2: Foul Ball, location: 2F
2-2: Strikes out swinging
Pinch Hitting: RHB Nathaniel Adderley 0-0: Ball
1-0: Ground out U3 (Groundball, 23, EV 79.4 MPH)
Top of the 9th over - 0 runs, 0 hits, 0 errors, 1 left on base; Oakland 1 - Madison 2
Thursday, December 15th , 2022 - OOTP Baseball 23.9 Build 102